 Dungeon Crawl Stone Soup version 0.27.1-33-g824d729ab1 (webtiles) character file.

Game seed: 3743459108366760633

1377 zeram the Spear-Bearer (level 8, 0/58 HPs)
             Began as a Merfolk Fighter on Dec 20, 2021.
             Killed from afar by an electric eel (5 damage)
             ... with a bolt of electricity
             ... on level 6 of the Dungeon.
             The game lasted 00:11:03 (7615 turns).

zeram the Spear-Bearer (Merfolk Fighter)            Turns: 7615, Time: 00:11:04

Health: 0/58       AC:  8    Str: 26    XL:     8   Next: 66%
Magic:  0/8        EV: 11    Int:  8    God:
Gold:   252        SH: 11    Dex: 13    Spells: 7/7 levels left

rFire    + . .     SeeInvis .   a - +0 trident
rCold    x . .     Faith    .   c - +0 kite shield
rNeg     . . .     Spirit   +   b - +0 scale mail
rPois    .         Reflect  .   (no helmet)
rElec    .         Harm     .   (no cloak)
rCorr    .         Rampage  .   (no gloves)
Will     .....                  r - +1 pair of boots
Stlth    ..........             m - amulet of guardian spirit
HPRegen  0.19/turn              q - ring of Fedhas's Castigation {Fire Str+8}
MPRegen  0.11/turn              (no ring)

@: no status effects
A: (nimble swimmer 2), mertail
a: no special abilities


You were on level 6 of the Dungeon.
You visited 1 branch of the dungeon, and saw 7 of its levels.

You collected 373 gold pieces.
You spent 121 gold pieces at shops.

Inventory:

Hand Weapons
 a - a +0 trident (weapon)
Armour
 b - a +0 scale mail (worn)
 c - a +0 kite shield (worn)
 r - a +1 pair of boots (worn)
Jewellery
 h - a ring of ice
 m - an amulet of guardian spirit (around neck)
 n - an amulet of the acrobat
 q - the ring of Fedhas's Castigation (left hand) {Fire Str+8}
   (You found it on level 4 of the Dungeon)

   [ring of fire]

   It enhances your fire magic.
   Str:       It affects your strength (+8).
   rF:        It protects you from fire.
   rC:        It makes you vulnerable to cold.
 t - an amulet of magic regeneration
Wands
 o - a wand of paralysis (6)
 s - a wand of mindburst (10)
 u - a wand of flame (26)
Scrolls
 e - 2 scrolls of teleportation
 p - a scroll of amnesia
Potions
 f - a potion of degeneration {unknown}
 g - a potion of heal wounds {unknown}
 i - a potion of haste {unknown}
 k - 2 potions of attraction {unknown}


   Skills:
 - Level 3.2 Fighting
 + Level 10.1 Polearms
 - Level 2.1 Armour
 * Level 6.3 Dodging
 + Level 6.6 Shields


You had 7 spell levels left.
You didn't know any spells.
Your spell library contained the following spells:

 Spells                   Type           Power      Damage    Failure   Level
 Magic Dart               Conj           0%         1d3       96%         1
 Searing Ray              Conj           0%         3d3       99%         2
 Fulminant Prism          Conj/Hex       0%         3d6       100%        4


Dungeon Overview and Level Annotations

Branches:
Dungeon (7/15)
 Temple: D:4-7

Altars:
Cheibriados
Dithmenos
Qazlal
Uskayaw
Wu Jian
Xom
Yredelemnul

Shops:
D:3 [   D:6 [


Innate Abilities, Weirdness & Mutations

((You are quick and stealthy near water. (Stealth+, EV+, Speed+++)))
Your lower body shifts to a powerful aquatic tail in water.


Message History

The electric eel shoots out a bolt of lightning at you!
The bolt of electricity misses you.
The electric eel shoots out a bolt of lightning at you!
The bolt of electricity hits you.
The electric eel shoots out a bolt of lightning at you!
The bolt of electricity hits you!
The electric eel shoots out a bolt of lightning at you!
The bolt of electricity hits you.
An electric eel comes into view.
You start resting.
Magic restored.
An electric eel is nearby!
An electric eel is nearby!
An electric eel is nearby!
HP restored.
The electric eel shoots out a bolt of lightning at you!
The bolt of electricity hits you.
An electric eel is nearby!
An electric eel is nearby!
Okay, then.
The electric eel shoots out a bolt of lightning at you!
The bolt of electricity hits you! The bolt of electricity misses you.
The electric eel shoots out a bolt of lightning at you!
The bolt of electricity hits you!
The electric eel shoots out a bolt of lightning at you!
The bolt of electricity hits you!
Found 13 gold pieces.
The electric eel shoots out a bolt of lightning at you!
The bolt of electricity misses you.
The electric eel shoots out a bolt of lightning at you!
The bolt of electricity hits you!
* * * LOW HITPOINT WARNING * * *
Okay, then.
The electric eel shoots out a bolt of lightning at you!
The bolt of electricity hits you!
* * * LOW HITPOINT WARNING * * *
Found a smoky puce potion.
The electric eel shoots out a bolt of lightning at you!
The bolt of electricity hits you.
You die...

#####........###.≈≈≈≈≈.≈≈≈≈.....#
##.......###.≈≈≈≈≈.;≈≈≈.....#
#######.....≈≈≈≈≈.≈≈≈;.....#
####......$.........##
###.............##
#......###..### #####......#
##...## ##...#.....#######..##
#....@.....#....####..
#.......(.##..........
#.........##.........[
#.....$..###.......... #.......##
#.......... #.......# ##.........
#........ #......... #.......!#
#......... ##....####


You could see an electric eel.

Vanquished Creatures
  An acid dragon (D:5)
  A water moccasin (D:6)
  A sky beast (D:6)
  A necrophage (D:6)
  2 centaurs
  A phantom (D:6)
  2 kobold brigands (D:4)
  A howler monkey (D:5)
  A centaur zombie (D:6)
  4 hounds
  3 orc priests
  2 centaur skeletons
  An iguana (D:4)
  An orc wizard (D:5)
  A killer bee zombie (D:5)
  A hound skeleton (D:5)
  2 howler monkey zombies
  A gnoll (D:3)
  4 adders
  2 white imps
  An ufetubus (D:6)
  3 worms
  16 orcs
  6 bats
  3 endoplasms
  6 giant cockroaches
  11 goblins
  10 hobgoblins
  6 jackals (D:2)
  14 kobolds
  A quokka (D:2)
  10 ball pythons
  3 frilled lizards
  2 rats (D:2)
125 creatures vanquished.

Notes
Turn   | Place    | Note
-------+----------+-------------------------------------------
     0 | D:1      | zeram the Merfolk Fighter began the quest for the Orb.
     0 | D:1      | Reached XP level 1. HP: 18/18 MP: 1/1
    91 | D:1      | Reached skill level 1 in Dodging
   108 | D:1      | Reached XP level 2. HP: 11/24 MP: 2/2
   529 | D:1      | Reached XP level 3. HP: 25/29 MP: 3/3
  1330 | D:2      | Reached skill level 4 in Polearms
  1788 | D:2      | Reached XP level 4. HP: 17/35 MP: 4/4
  2547 | D:3      | Found a shimmering altar of Xom.
  2550 | D:3      | Found a stormy altar of Qazlal.
  2572 | D:3      | Reached skill level 5 in Polearms
  2652 | D:3      | Reached XP level 5. HP: 31/41 MP: 5/5
  3172 | D:3      | Found Nathro's Antique Armour Boutique.
  3964 | D:4      | Reached XP level 6. HP: 37/47 MP: 3/6
  4138 | D:4      | Reached skill level 5 in Shields
  4189 | D:4      | Identified the ring of Fedhas's Castigation {Fire Str+8}
  4293 | D:4      | Reached skill level 6 in Polearms
  4376 | D:4      | Found a snail-covered altar of Cheibriados.
  4421 | D:4      | Found a shadowy altar of Dithmenos.
  4427 | D:4      | Found a hide-covered altar of Uskayaw.
  4647 | D:4      | Reached skill level 7 in Polearms
  4647 | D:4      | Reached XP level 7. HP: 26/52 MP: 5/7
  4999 | D:5      | Entered Level 5 of the Dungeon
  5553 | D:5      | Found a basalt altar of Yredelemnul.
  5580 | D:6      | Found Otuc's Antique Armour Emporium.
  5591 | D:6      | Bought a pair of boots for 121 gold pieces
  5701 | D:6      | Reached skill level 8 in Polearms
  5744 | D:6      | Reached skill level 5 in Dodging
  6454 | D:5      | Reached XP level 8. HP: 49/58 MP: 6/8
  6465 | D:5      | Reached skill level 9 in Polearms
  6564 | D:5      | Found an ornate altar of the Wu Jian Council.
  7341 | D:6      | Reached skill level 10 in Polearms
  7615 | D:6      | Killed from afar by an electric eel

Illustrated notes

Levels and vault maps discovered:
D:1:      dpeg_arrival_morbid_curiosity, layout_basic
D:2:      layout_basic
D:3:      layout_loops_ring, nicolae_overflow_hidden_temple, serial_shops,
          nicolae_shop_stone, minmay_pentomino_pile
D:4:      cheibrodos_thug_alley, layout_basic, slow_altar_2, minitemple
D:5:      layout_rooms, jmf_multi_god_temple
D:6:      layout_cave_pods, kennysheep_little_box, lemuel_temple_firewalk_b,
          serial_shops, shop, minivault_14
D:7:      layout_basic, lemuel_round_altar, minmay_splitting_lines,
          minmay_unpleasant_kobolds

Skill      XL: |  1  2  3  4  5  6  7  8 |
---------------+-------------------------+-----
Dodging        | 1 2 3 4 5 6 |  6.3
Polearms       | 4 5 7 8 10 | 10.1
Shields        | 4 5 6 |  6.6
Fighting       | |  3.2
Armour         | |  2.1

Action                   |  1- 3 |  4- 6 |  7- 9 || total
-------------------------+-------+-------+-------++-------
Melee: Trident           |   138 |   203 |   181 ||   522
Throw: Throwing net      |       |     1 |       ||     1
  Use: Scroll            |     1 |     2 |     1 ||     4
       Potion            |       |     6 |     2 ||     8
Armor: Scale mail        |    69 |    68 |    34 ||   171
       Skin              |       |    10 |     9 ||    19
Dodge: Dodged            |    67 |    59 |    46 ||   172
Block: Kite shield       |    77 |   102 |    95 ||   274
